 Dungeon Crawl Stone Soup version 0.30-a0-553-g7fabdf1491 (webtiles) character file.

Game seed: 14660007766052997778

15215 PrincessWhatsHerName the Summoner (level 12, -8/85 HPs)
             Began as an Octopode Summoner on Dec 26, 2022.
             Was an Initiate of Gozag.
             Mangled by a black mamba (15 damage)
             ... on level 1 of the Lair of Beasts.
             The game lasted 00:26:44 (16642 turns).

PrincessWhatsHerName the Summoner (OpSu)           Turns: 16642, Time: 00:26:44

Health: -8/85      AC:  0    Str: 20    XL:     12   Next: 24%
Magic:  25/25      EV: 17    Int: 21    God:    Gozag
Gold:   2274       SH:  0    Dex: 13    Spells: 19/29 levels left

rFire   . . .      SeeInvis .    (no weapon)
rCold   . . .      Faith    .    (no shield)
rNeg    . . .      Spirit   .    I - -1 hat
rPois   .          Reflect  .    (no amulet)
rElec   .          Harm     .    S - +6 ring of strength
rCorr   .          Rampage  .    s - +6 ring of strength
Will    .....                    (no ring)
Stlth   +++                      (no ring)
HPRegen 0.34/turn                (no ring)
MPRegen 0.19/turn                (no ring)
                                 (no ring)
                                 (no ring)

@: lethally poisoned (-8 -> -11)
A: almost no armour, amphibious, 8 rings, camouflage 1, gelatinous body 1,
(nimble swimmer 1), tentacles
a: Renounce Religion, Potion Petition, Call Merchant, Bribe Branch


You were on level 1 of the Lair of Beasts.
You worshipped Gozag.
Gozag was most pleased with you.
You visited 3 branches of the dungeon, and saw 14 of its levels.
You also visited: Sewer.

You collected 2534 gold pieces.
You spent 120 gold pieces at shops.
You paid 140 gold pieces to Gozag.


Innate Abilities, Weirdness & Mutations

You cannot wear most types of armour.
You are amphibious.
You can wear up to eight rings at the same time.
Your skin changes colour to match your surroundings (Stealth+).
Your rubbery body absorbs attacks. (AC +1, EV +1)
((You are camouflaged when in or above water. (Stealth+)))
You have tentacles for arms and can constrict up to eight enemies at once.


   Skills:
 + Level 9.0 Fighting
 + Level 9.3 Dodging
 - Level 2.6 Stealth
 + Level 9.2 Spellcasting
 * Level 0.0 Conjurations
 * Level 10.0 Summonings
 - Level 7.0 Air Magic


You had 19 spell levels left.
You knew the following spells:

 Your Spells              Type           Power      Damage    Failure   Level
c - Call Canine Familiar  Summ           51%        N/A       1%          3
l - Summon Lightning Spi  Summ/Air       45%        N/A       2%          4
s - Summon Small Mammal   Summ           100%       N/A       1%          1
w - Wereblood             Tmut           9%         N/A       11%         2

Your spell library contained the following spells:

 Spells                   Type           Power      Damage    Failure   Level
 Call Imp                 Summ           51%        N/A       1%          2
 Summon Guardian Golem    Hex/Summ       30%        N/A       2%          3
 Beastly Appendage        Tmut           18%        N/A       7%          1
 Kiss of Death            Conj/Necr      36%        2d8       7%          1
 Slow                     Hex            36%        N/A       7%          1
 Kindle Blastsparks       Fire/Tloc/Air  38%        2d13      9%          3
 Confusing Touch          Hex            9%         N/A       22%         3
 Hailstorm                Conj/Ice       9%         3d4       22%         3
 Ignite Poison            Fire/Tmut/Pois 9%         N/A       22%         3
 Spider Form              Tmut/Pois      9%         N/A       22%         3
 Tukima's Dance           Hex            9%         N/A       22%         3
 Vampiric Draining        Necr           9%         2d6       22%         3
 Dispel Undead            Necr           9%         3d8       56%         4
 Ice Form                 Ice/Tmut       9%         N/A       56%         4
 Passage of Golubria      Tloc           9%         N/A       56%         4
 Freezing Cloud           Conj/Ice/Air   9%         6-21      58%         5
 Yara's Violent Unravell  Hex/Tmut       4%         3d4       89%         5
 Orb of Destruction       Conj           4%         9d5       100%        7
 Spellforged Servitor     Conj/Summ      15%        N/A       100%        7
 Simulacrum               Ice/Necr       Unusable   N/A       N/A         6

Inventory:

Hand Weapons
 w - the +6 hammer of Rufaz {speed, Will+ MP+9 Dex+4}
   (You found it on level 6 of the Dungeon)

   Attacks with this weapon are significantly faster.
   Dex:       It affects your dexterity (+4).
   MP:        It affects your magic capacity (+9).
   Will:      It increases your willpower.
 x - the +7 hammer of the Wraith {freeze, MP+9}
   (You found it on level 6 of the Dungeon)

   It freezes those it strikes, dealing additional cold damage.
   It can also slow down cold-blooded creatures.
   MP:        It affects your magic capacity (+9).
 y - the +1 hammer "Oliurphuf" {spect, Drain rPois SInv}
   (You found it on level 6 of the Dungeon)

   When its wielder attacks, the weapon's spirit leaps out and strikes again.
   The spirit shares a part of any damage it takes with its wielder.
   rPois:     It protects you from poison.
   SInv:      It lets you see invisible.
   Drain:     It drains your maximum health when unequipped.
Armour
 I - a -1 hat (worn)
   (You found it on level 9 of the Dungeon)
Magical Staves
 K - a staff of air {!a}
   (You found it on level 9 of the Dungeon)
Jewellery
 s - a +6 ring of strength (right tentacle)
   (You found it on level 8 of the Dungeon)
 G - an amulet of guardian spirit
   (You found it on level 1 of the Dungeon)
 S - a +6 ring of strength (left tentacle)
   (You found it on level 5 of the Dungeon)
Wands
 f - a wand of digging (8)
   (You found it on level 2 of the Dungeon)
 q - a wand of mindburst (4)
   (You found it on level 10 of the Dungeon)
 C - a wand of charming (20)
   (You found it on level 7 of the Dungeon)
 E - a wand of iceblast (5)
   (You took it off Maurice on level 8 of the Dungeon)
Scrolls
 b - 3 scrolls of torment {!r}
 h - 2 scrolls of amnesia
 i - 3 scrolls of fear
 k - 2 scrolls of poison {!r}
 n - a scroll of enchant armour
 o - a scroll of noise {!r}
 t - a scroll of enchant weapon
 z - 3 scrolls of vulnerability {!r!r}
 A - a scroll of blinking {!r}
 B - 5 scrolls of teleportation {@r4}
 F - a scroll of immolation {!r!r}
Potions
 a - 3 potions of magic
 c - a potion of flight {unknown}
 d - 4 potions of haste {@q3}
 e - a potion of curing {@q1}
 g - 2 potions of berserk rage {!q}
 j - 4 potions of brilliance {unknown}
 l - 4 potions of lignification {unknown}
 m - 5 potions of heal wounds {@q2}
 p - 3 potions of resistance {unknown}
 r - 3 potions of might {unknown}
 u - 2 potions of ambrosia {unknown}
 v - 2 potions of mutation {unknown}
 D - a potion of attraction {unknown}
 J - a potion of invisibility {unknown}
 L - a potion of cancellation {unknown}

Dungeon Overview and Level Annotations

Branches:
Dungeon (12/15)            Temple (1/1) D:7            Lair (1/5) D:11
    Orc (0/2) D:12          Sewer (visited)

Altars:
Ashenzari
Cheibriados
Dithmenos
Elyvilon
Fedhas
Gozag
Hepliaklqana
Kikubaaqudgha
Makhleb
Nemelex Xobeh
Okawaru
Qazlal
Ru
Sif Muna
Trog
Uskayaw
Vehumet
Wu Jian
Xom
Yredelemnul
Zin
The Shining One

Shops:
D:1 [   D:2 !   D:7 *   D:8 *

Annotations:
D:3 3 runed translucent doors, initializr's ghost, amateur OgIE
D:12 Rupert

####### .##.#.#.######
............#.# .
...............## ..
................# ..>
................# ....
................# .....
.............#..###......
..........>..#..@S.......
.............#...h..$....
.............#..##.......
.............#..###......
.............#...##.(....
...######..........######
.. #..........# .
##..........# $ .
#...........#


You could see a black mamba (ally target) and a friendly warg (summoned).


Message History

An electric hum fills the air.
Your wolf closely misses the yak.
The yak gores your wolf!
Your wolf dies!
Your wolf's corpse disappears in a puff of smoke!
The yak gores your lightning spire but does no damage.
The yak completely misses your lightning spire.
The yak gores your lightning spire. The yak completely misses you.
You tentacle-slap the yak but do no damage.
Your wolf closely misses the yak.
The yak gores your lightning spire but does no damage.
Your lightning spire shoots out a bolt of lightning at the yak!
The bolt of electricity hits the yak! x2
The yak dies!
The yak gores you!
You tentacle-slap the yak.
Your wolf barely misses the yak.
Your wolf bites the yak.
The yak gores you!
You tentacle-slap the yak but do no damage.
You squeeze the yak, but do no damage.
Your wolf bites the yak!
Your wolf bites the yak.
The yak barely misses you.
Your lightning spire shoots out a bolt of lightning at the yak!
The bolt of electricity hits the yak!
You closely miss the yak. You squeeze the yak!
Your wolf bites the yak but does no damage.
The yak barely misses you.
You tentacle-slap the yak but do no damage.
Your wolf bites the yak!
The yak dies!
Your Fighting skill increases to level 9!
No target in view!
Your lightning spire disappears in a puff of smoke!
Key pressed, stopping explore.
You swap places.
You now have 2204 gold pieces (gained 14).
You now have 2217 gold pieces (gained 13).
You now have 2231 gold pieces (gained 14).
Key pressed, stopping explore.
You swap places.
You see here 3 stones.
Found an escape hatch in the floor.
You now have 2257 gold pieces (gained 26).
Key pressed, stopping explore.
You pick up a book of Dangerous Friends and begin reading...
You add the spells Orb of Destruction and Spellforged Servitor to your library.
A bullfrog comes into view.
A bullfrog is nearby!
A bullfrog is nearby!
Unknown command.
Found a stone staircase leading down.
Your wolf disappears in a puff of smoke!
Unknown command.
The bullfrog gives a loud, deep croak!
The bullfrog hits you.
You tentacle-slap the bullfrog. Your grab misses the bullfrog.
You squeeze the bullfrog!
Your warg completely misses the bullfrog.
The bullfrog misses you.
You tentacle-slap the bullfrog. Your grab misses the bullfrog.
Your squeeze misses the bullfrog.
Your warg bites the bullfrog!
The bullfrog dies!
No target in view!
Unknown command.
You now have 2262 gold pieces (gained 5).
You now have 2274 gold pieces (gained 12).
Key pressed, stopping explore.
A black mamba comes into view.
The black mamba hisses angrily.
Found a stone staircase leading down.
The black mamba closely misses you.
You tentacle-slap the black mamba but do no damage.
Your grab misses the black mamba. Your squeeze misses the black mamba.
The black mamba bites you!!
You are poisoned.
The black mamba poisons you! The black mamba closely misses you.
Your warg misses the black mamba. You closely miss the black mamba.
Your grab misses the black mamba.
You feel very sick. The black mamba bites you!!
Your warg bites the black mamba but does no damage.
The black mamba bites you!
* * * LOW HITPOINT WARNING * * *
You are too injured to fight recklessly!
Unknown command.
You feel very sick.
Your warg bites the black mamba.
The black mamba misses you.
Your warg bites the black mamba!
You tentacle-slap the black mamba but do no damage.
Your grab misses the black mamba. You squeeze the black mamba.
You feel sick. The black mamba bites you.
* * * LOW HITPOINT WARNING * * *
Your warg bites the black mamba!
The black mamba misses your warg.
Unknown command.
You barely miss the black mamba. Your grab misses the black mamba.
Your squeeze misses the black mamba.
You feel sick. The black mamba closely misses you.
Your warg misses the black mamba.
You tentacle-slap the black mamba but do no damage.
Your grab misses the black mamba.
You feel sick. The black mamba bites you!!
* * * LOW HITPOINT WARNING * * *
Your warg closely misses the black mamba.
The black mamba bites you!
You die...
Your body crumbles into a pile of gold.

Skill      XL: |  1  2  3  4  5  6  7  8  9 10 11 12 |
---------------+-------------------------------------+-----
Summonings     | 5 6 7 8 10 | 10.0
Spellcasting   | 3 4 5 7 8 9 |  9.2
Air Magic      | 2 3 5 7 |  7.0
Fighting       | 3 6 8 9 |  9.0
Dodging        | 4 6 8 9 |  9.3
Stealth        | |  2.6

Action                   |  1- 3 |  4- 6 |  7- 9 | 10-12 || total
-------------------------+-------+-------+-------+-------++-------
Melee: Unarmed           |    39 |    78 |   117 |    99 ||   333
       Constrict         |    15 |    22 |    29 |    15 ||    81
       Tentacles         |    17 |    20 |    39 |    27 ||   103
       Punch             |       |     3 |     7 |     1 ||    11
 Cast: Summon Small Mamm |    45 |    17 |    33 |     2 ||    97
       Call Canine Famil |     3 |    18 |    63 |    70 ||   154
       Summon Lightning  |       |       |    20 |    58 ||    78
  Use: Potion            |       |       |     2 |     3 ||     5
       Scroll            |       |       |       |    16 ||    16
 Stab: Sleeping          |     3 |     6 |     3 |       ||    12
       Distracted        |     1 |       |     1 |     4 ||     6
Armor: Skin              |     4 |     5 |     4 |     5 ||    18
Dodge: Dodged            |    38 |    43 |   106 |   118 ||   305

Levels and vault maps discovered:
D:1:      dpeg_arrival_water_fire, layout_loops_corners, serial_shops,
          nicolae_shop_behind_doors
D:2:      layout_loops_corners, serial_shops, nicolae_shop_waterfront
D:3:      layout_basic, gammafunk_ghost_split, uniq_grinder
D:4:      kennysheep_six_static_rooms, layout_rooms, gup_sewer_entry_spiral,
          grunt_ministairs_9
D:5:      cheibrodos_thug_alley, layout_cave_pools,
          gammafunk_temple_overflow_wave
D:6:      cheibrodos_iron_armory, layout_basic, uniq_maggie, uniq_edmund,
          uniq_crazy_yiuf_cottage
D:7:      layout_gridville, minmay_temple_entry_overgrown, enter_bailey_3,
          serial_shops, nicolae_shop_crystal, uniq_prince_ribbit1
D:8:      layout_loops_ring, serial_shops, shop, uniq_erica, uniq_psyche,
          uniq_maurice
D:9:      layout_irregular_city, hellmonk_guarded_unrand_lears
D:10:     layout_roguey, mainiacjoe_overflow_tiny_flanked, serial_rivers,
          chequers_serial_rivers_micro_b, chequers_serial_rivers_marsh,
          chequers_serial_rivers_large_b, chequers_serial_rivers_room_b,
          chequers_serial_rivers_large_a, chequers_serial_rivers_room_b,
          minmay_misc_feat_enclosed
D:11:     layout_loops_ring, lair_entry_dummy
D:12:     layout_basic, orc_0_dummy, uniq_rupert, uniq_josephine
Temple:   nicolae_temple_bog_church
Lair:1:   layout_gridlike, serial_bayou_shore_b

Notes
Turn   | Place    | Note
-------+----------+-------------------------------------------
     0 | D:1      | PrincessWhatsHerName the Octopode Summoner began the quest
                  | for the Orb.
     0 | D:1      | Reached XP level 1. HP: 11/11 MP: 3/3
   454 | D:1      | Reached XP level 2. HP: 17/17 MP: 1/5
   497 | D:1      | Found Ceso Holl's Antique Armour Shop.
   813 | D:1      | Reached XP level 3. HP: 21/21 MP: 2/6
   862 | D:1      | Reached skill level 5 in Summonings
  1351 | D:1      | Learned a level 3 spell: Call Canine Familiar
  1502 | D:2      | Found Retubilo's Distillery.
  1742 | D:2      | Reached XP level 4. HP: 27/27 MP: 4/7
  2028 | D:2      | You pick up a book of Changes and begin reading...
  2028 | D:2      | You add the spells Beastly Appendage, Wereblood and Spider
                  | Form to your library.
  2498 | D:3      | Found a runed translucent gate.
  2727 | D:3      | Found a runed translucent gate.
  2727 | D:3      | Noticed initializr's ghost (amateur OgIE)
  2728 | D:3      | Found a runed translucent gate.
  2942 | D:3      | Reached skill level 6 in Summonings
  3344 | D:3      | Noticed Grinder
  3355 | D:3      | Killed Grinder
  3356 | D:3      | Reached skill level 3 in Spellcasting
  3356 | D:3      | Reached skill level 2 in Air Magic
  3356 | D:3      | Reached XP level 5. HP: 16/31 MP: 3/9
  3356 | D:3      | Reached XP level 6. HP: 19/36 MP: 3/10
  3426 | D:3      | You pick up a book of the Tundra and begin reading...
  3426 | D:3      | You add the spells Hailstorm, Ice Form and Simulacrum to
                  | your library.
  3586 | D:3      | Learned a level 4 spell: Summon Lightning Spire
  3589 | D:3      | Learned a level 2 spell: Wereblood
  3824 | D:4      | Found a glowing drain.
  3828 | Sewer    | Entered a sewer
  3974 | Sewer    | Reached skill level 3 in Air Magic
  3974 | Sewer    | Reached XP level 7. HP: 20/41 MP: 7/12
  4879 | D:4      | Reached skill level 4 in Spellcasting
  4879 | D:4      | Reached skill level 7 in Summonings
  5172 | D:4      | Reached skill level 4 in Air Magic
  5613 | D:4      | Reached skill level 5 in Air Magic
  5613 | D:4      | Reached XP level 8. HP: 46/46 MP: 12/14
  5811 | D:5      | Entered Level 5 of the Dungeon
  5896 | D:5      | Reached skill level 6 in Air Magic
  5922 | D:4      | HP: 9/46 [scorpion (4)]
  6315 | D:5      | You pick up a book of Touch and begin reading...
  6315 | D:5      | You add the spells Kiss of Death, Confusing Touch and
                  | Dispel Undead to your library.
  6448 | D:5      | Found a shadowy altar of Dithmenos.
  6448 | D:5      | Found a glowing silver altar of Zin.
  6501 | D:5      | Reached skill level 7 in Air Magic
  6826 | D:5      | Reached skill level 8 in Summonings
  7231 | D:6      | HP: 9/46 [centaur/arrow (10)]
  7373 | D:6      | Reached XP level 9. HP: 51/51 MP: 7/15
  7459 | D:6      | Found a runed translucent door.
  7462 | D:6      | Noticed Crazy Yiuf
  7473 | D:6      | Identified the +6 hammer of Rufaz {speed, Will+ MP+9 Dex+4}
  7481 | D:6      | Identified the +7 hammer of the Wraith {freeze, MP+9}
  7489 | D:6      | Identified the +1 hammer "Oliurphuf" {spect, Drain rPois
                  | SInv}
  7577 | D:6      | Reached skill level 9 in Summonings
  7664 | D:6      | Noticed Maggie
  7679 | D:6      | Killed Maggie
  7739 | D:6      | Reached skill level 10 in Summonings
  8198 | D:6      | Reached skill level 1 in Fighting
  8273 | D:6      | Noticed Edmund
  8280 | D:6      | Killed Edmund
  8419 | D:6      | Reached skill level 2 in Fighting
  8419 | D:6      | Reached skill level 3 in Dodging
  8792 | D:6      | Killed Crazy Yiuf
  8960 | D:7      | Found a staircase to the Ecumenical Temple.
  8971 | Temple   | Entered the Ecumenical Temple
  9092 | Temple   | Became a worshipper of Gozag Ym Sagoz the Greedy
  9260 | D:7      | Found Inwumyrphu's General Store.
  9267 | D:7      | Bought a scroll of teleportation for 30 gold pieces
  9504 | D:7      | Reached skill level 3 in Fighting
  9504 | D:7      | Reached skill level 5 in Spellcasting
  9534 | D:7      | Noticed Prince Ribbit
  9545 | D:7      | Killed Prince Ribbit
  9546 | D:7      | Reached skill level 4 in Dodging
  9546 | D:7      | Reached XP level 10. HP: 63/63 MP: 10/17
  9593 | D:7      | You add the spells Tukima's Dance, Passage of Golubria and
                  | Yara's Violent Unravelling to your library.
  9737 | D:7      | Reached skill level 4 in Fighting
 10215 | D:7      | Identified a scroll of acquirement
 10218 | D:7      | Acquired 759 gold pieces
 10293 | D:8      | Found Onighey's General Store.
 10336 | D:8      | Bought a scroll of amnesia for 60 gold pieces
 10336 | D:8      | Bought a scroll of identify for 30 gold pieces
 10378 | D:8      | Reached skill level 5 in Dodging
 10406 | D:8      | HP: 14/65 [poisoned by a killer bee]
 10474 | D:8      | Noticed Psyche
 10483 | D:8      | Killed Psyche
 10484 | D:8      | Reached skill level 6 in Spellcasting
 10703 | D:8      | Noticed Maurice
 10720 | D:8      | Killed Maurice
 10721 | D:8      | Reached skill level 5 in Fighting
 10812 | D:8      | You add the spells Kindle Blastsparks, Ignite Poison and
                  | Freezing Cloud to your library.
 10946 | D:8      | You pick up a book of Debilitation and begin reading...
 10946 | D:8      | You add the spells Slow and Vampiric Draining to your
                  | library.
 10973 | D:8      | Noticed Erica
 10991 | D:8      | Killed Erica
 10992 | D:8      | Reached skill level 6 in Dodging
 11782 | D:9      | Noticed a tengu warrior
 11797 | D:9      | Killed a tengu warrior
 11798 | D:9      | Reached skill level 6 in Fighting
 11798 | D:9      | Reached skill level 7 in Spellcasting
 11798 | D:9      | Reached XP level 11. HP: 26/73 MP: 11/21
 11974 | D:9      | Found the +18 Lear's hauberk
 12120 | D:9      | Reached skill level 7 in Dodging
 12314 | D:8      | HP: 10/74 [yak (14)]
 13035 | D:9      | Reached skill level 7 in Fighting
 13254 | D:10     | Entered Level 10 of the Dungeon
 13327 | D:10     | HP: 17/75 [killer bee (5)]
 13327 | D:10     | HP: 8/75 [killer bee (9)]
 13576 | D:10     | Found a basalt altar of Yredelemnul.
 14219 | D:10     | Reached skill level 8 in Spellcasting
 14292 | D:10     | HP: 8/75 [acid dragon/splash of acid (30)]
 14719 | D:11     | Noticed a two-headed ogre
 14729 | D:11     | Killed a two-headed ogre
 14730 | D:11     | Reached skill level 8 in Dodging
 15062 | D:11     | Noticed a boulder beetle
 15079 | D:11     | Killed a boulder beetle
 15159 | D:11     | Noticed a cyclops
 15173 | D:11     | Killed a cyclops
 15174 | D:11     | Reached skill level 8 in Fighting
 15608 | D:11     | Found a staircase to the Lair.
 15669 | D:11     | Noticed a two-headed ogre
 15676 | D:11     | Killed a two-headed ogre
 15855 | D:12     | Reached XP level 12. HP: 28/84 MP: 21/24
 16010 | D:12     | Reached skill level 9 in Dodging
 16010 | D:12     | Reached skill level 9 in Spellcasting
 16012 | D:12     | Found a staircase to the Orcish Mines.
 16022 | D:12     | Noticed Rupert
 16038 | D:12     | Paralysed by Rupert for 3 turns
 16170 | Lair:1   | Entered Level 1 of the Lair of Beasts
 16472 | Lair:1   | Reached skill level 9 in Fighting
 16590 | Lair:1   | You pick up a book of Dangerous Friends and begin
                  | reading...
 16590 | Lair:1   | You add the spells Orb of Destruction and Spellforged
                  | Servitor to your library.
 16642 | Lair:1   | HP: 7/85 [black mamba (20)]
 16642 | Lair:1   | Mangled by a black mamba

Vanquished Creatures
  An ugly thing (D:12)
  A wyvern (D:9)
  A black bear (D:5)
  A kobold brigand (D:5)
  A necrophage (D:5)
  6 killer bees
  2 orc priests (D:4)
  3 orc wizards
  A gnoll (D:5)
  5 adders
  3 river rats (Sewer)
  A dart slug (D:1)
  6 orcs
  6 ball pythons
  An endoplasm (D:2)
  4 giant cockroaches
  4 goblins
  4 hobgoblins
  3 jackals (Sewer)
  8 kobolds
  3 quokkas
  4 bats
  2 frilled lizards
  3 rats
74 creatures vanquished.

Vanquished Creatures (collateral kills)
  A tengu warrior (D:9)
  Erica (D:8)
  A boulder beetle (D:11)
  2 two-headed ogres (D:11)
  A cyclops (D:11)
  Maurice (D:8)
  A gargoyle (D:11)
  Psyche (D:8)
  An unseen horror (D:12)
  Maggie (D:6)
  3 kobold demonologists (D:12)
  2 komodo dragons
  2 trolls
  Grinder (D:3)
  Prince Ribbit (D:7)
  A shadow (D:10)
  A wraith (D:12)
  A vampire (D:9)
  11 yaks
  A steam dragon (D:7)
  Edmund (D:6)
  3 acid dragons
  4 water moccasins
  3 orc warriors
  An ice beast (D:8)
  A sky beast (D:7)
  3 ogres
  3 centaurs
  A phantom (D:5)
  3 kobold brigands
  4 bullfrogs
  A necrophage (D:5)
  A gnoll sergeant (D:4)
  5 scorpions
  8 wights (D:8)
  20 killer bees
  5 hounds
  Crazy Yiuf (D:6)
  4 jellies
  3 orc priests
  2 gnoll boudas
  3 iguanas
  7 orc wizards
  7 gnolls
  5 adders
  3 river rats (Sewer)
  A shadow imp (D:6)
  4 ufetubi
  A worm (D:4)
  5 dart slugs
  30 orcs
  5 endoplasms
  2 giant cockroaches
  7 goblins
  6 hobgoblins
  10 jackals
  5 ball pythons
  A frilled lizard (D:3)
  23 kobolds
  5 rats
242 creatures vanquished.

Vanquished Creatures (others)
  5 plants (Sewer)
5 creatures vanquished.

Grand Total: 321 creatures vanquished

Table legend:
 A = Non-vault XP
 B = Vault XP
 C = Vault XP percentage of total XP
 D = Non-vault monster count
 E = Vault monster count
 F = Vault count percentage of total count
                 A         B        C        D         E       F
            +---------+---------+-------+---------+---------+-------
      Total |   17477 |    4259 |  19.6 |     248 |      68 |  21.5
            +---------+---------+-------+---------+---------+-------
        D:1 |      49 |       0 |   0.0 |      27 |       0 |   0.0
        D:2 |      41 |       0 |   0.0 |      15 |       0 |   0.0
        D:3 |      71 |     281 |  79.8 |      18 |       1 |   5.3
        D:4 |     341 |     357 |  51.1 |      26 |      19 |  42.2
        D:5 |     729 |     115 |  13.6 |      22 |      12 |  35.3
        D:6 |    1066 |     591 |  35.7 |      27 |       3 |  10.0
        D:7 |    1311 |     285 |  17.9 |      22 |       5 |  18.5
        D:8 |    1714 |    1580 |  48.0 |      26 |       3 |  10.3
        D:9 |    2329 |     830 |  26.3 |      26 |       1 |   3.7
       D:10 |    2096 |       0 |   0.0 |      13 |       0 |   0.0
       D:11 |    4174 |       0 |   0.0 |       8 |       0 |   0.0
       D:12 |    2303 |       0 |   0.0 |      10 |       0 |   0.0
     Lair:1 |    1253 |       0 |   0.0 |       8 |       0 |   0.0
      Sewer |       0 |     220 | 100.0 |       0 |      24 | 100.0
            +---------+---------+-------+---------+---------+-------

Illustrated notes

Table legend:
 A = Kills in this place as a percentage of kills in entire the game.
 B = Kills by you in this place as a percentage of kills by you in the entire game.
 C = Kills by friends in this place as a percentage of kills by friends in the entire game.
 D = Other kills in this place as a percentage of other kills in the entire game.
 E = Experience gained in this place as a percentage of experience gained in the entire game.
 F = Experience gained in this place divided by the number of levels of this place that you have seen.
                   A       B       C       D       E      F
               +-------+-------+-------+-------+-------+----------------------
         Total | 100.0 | 100.0 | 100.0 |   N/A | 100.0 | 1449.1
       Dungeon |  89.9 |  85.1 |  91.3 |   N/A |  93.2 | 1688.6
          Lair |   2.5 |   0.0 |   3.3 |   N/A |   5.8 | 1253.0
         Sewer |   7.6 |  14.9 |   5.4 |   N/A |   1.0 | 220.0
               +-------+-------+-------+-------+-------+----------------------

Table legend: (Time is in decaauts)
 A = Elapsed time spent in this place.
 B = Non-inter-level travel time spent in this place.
 C = Inter-level travel time spent in this place.
 D = Time resting spent in this place.
 E = Time spent auto-exploring this place.
 F = Levels seen in this place.
 G = Mean time per level.
                   A        B        C        D        E       F      G
               +--------+--------+--------+--------+--------+-----+--------+
         Total |  16652 |  15919 |    733 |   2011 |  11449 |  15 | 1110.1 |
       Dungeon |  15159 |  14439 |    720 |   1861 |  10415 |  12 | 1263.2 |
        Temple |    126 |    113 |     13 |      0 |     97 |   1 |  126.0 |
          Lair |    471 |    471 |      0 |      0 |    390 |   1 |  471.0 |
         Sewer |    894 |    894 |      0 |    150 |    547 |   1 |  894.0 |
               +--------+--------+--------+--------+--------+-----+--------+

Top non-repeatable levels by time:
     D:8: 1672 daAuts
     D:6: 1558 daAuts
     D:4: 1510 daAuts
    D:10: 1443 daAuts
     D:1: 1358 daAuts
     D:9: 1342 daAuts
     D:5: 1331 daAuts
    D:11: 1258 daAuts
     D:7: 1211 daAuts
     D:3: 1205 daAuts
     D:2: 1040 daAuts
   Sewer: 894 daAuts
  Lair:1: 471 daAuts
    D:12: 225 daAuts
  Temple: 126 daAuts
